AoeStats
← tily

Arena

506691233Analyzed
3v3 RM · 17d ago on Sep 14, 2026· 63m 0s· 6 players
Game mode
Random Map
Map size
Normal (6 player)
Population
200
Speed
Normal
Resources
Standard
Victory
Conquest
Starting age
Dark Age
Ending age
Imperial Age
RankedLock teamsTeams togetherTeam positionsShared explorationLock speedFull tech treeHidden civsTurbo modeCheats
Victory
Defeat
🇮🇳 Celts · India
811
+17
🇮🇳 Turks · India
757
+19
🇮🇳 Mongols · India
721
+20
🇨🇭 Turks · Switzerland
871
-20
🇨🇭 Persians · Switzerland
822
-19
🇧🇷 Vikings · Brazil
779
-17
PEPEroncini
10:36 Feudal Age
11:19 Double-Bit Axe
13:54 Wheelbarrow
16:33 Castle Age
14:28 Horse Collar
15:20 Stone Mining
16:58 Loom
18:02 Bow Saw
18:52 Heavy Plow
21:21 Gold Mining
25:27 Forging
29:18 Gold Shaft Mining
30:03 Hand Cart
33:20 Kamandaran
35:02 Iron Casting
34:33 Scale Barding Armor
38:45 Imperial Age
37:07 Ballistics
37:38 Devotion
39:22 Chain Barding Armor
40:17 Two-Man Saw
39:50 Crop Rotation
39:43 Crossbowman
40:55 Elite War Elephant
41:52 Thumb Ring
44:15 Blast Furnace
43:51 Plate Barding Armor
43:50 Fletching
43:51 Capped Ram
45:49 Padded Archer Armor
47:22 Bodkin Arrow
47:43 Leather Archer Armor
50:08 Elite Skirmisher
54:32 Ring Archer Armor
57:47 Masonry
58:17 Hoardings
tily
9:47 Feudal Age
15:20 Castle Age
13:47 Double-Bit Axe
14:04 Horse Collar
15:37 Gold Mining
16:19 Bow Saw
19:19 Heavy Plow
23:05 Gold Shaft Mining
26:26 Imperial Age
25:28 Loom
44:34 Two-Man Saw
47:18 Ballistics
d.mazeti
0:30 Loom
12:23 Feudal Age
14:37 Double-Bit Axe
19:07 Castle Age
18:08 Town Watch
20:16 Stone Mining
20:19 Gold Mining
20:20 Pikeman
24:49 Man-at-Arms
30:13 Gold Shaft Mining
29:47 Squires
29:52 Elite Skirmisher
34:34 Imperial Age
32:09 Fletching
37:11 Cavalier
39:21 Hoardings
40:01 Bow Saw
41:00 Bodkin Arrow
41:06 Padded Archer Armor
42:56 Capped Ram
49:25 Forging
49:21 Scale Barding Armor
49:06 Light Cavalry
51:10 Conscription
51:37 Iron Casting
51:05 Bracer
Rashberrypie
12:06 Feudal Age
16:03 Castle Age
17:46 Double-Bit Axe
18:25 Fletching
20:45 Loom
21:07 Stone Mining
33:15 Imperial Age
31:23 Wheelbarrow
31:10 Scale Mail Armor
31:21 Forging
31:07 Bodkin Arrow
30:56 Horse Collar
31:22 Pikeman
31:48 Arson
32:22 Chain Mail Armor
32:21 Heavy Plow
33:05 Bow Saw
33:42 Halberdier
35:03 Hand Cart
35:22 Ballistics
36:06 Chemistry
36:16 Plate Mail Armor
36:21 Iron Casting
37:51 Conscription
37:27 Stronghold
38:15 Iron Casting
38:04 Gold Mining
38:54 Town Watch
38:57 Capped Ram
41:48 Ballistics
41:25 Murder Holes
41:27 Siege Ram
42:57 Elite Woad Raider
44:36 Gold Shaft Mining
44:37 Stone Shaft Mining
54:48 Fortified Wall
59:04 Furor Celtica
59:18 Town Patrol
OmiOfSilver
12:27 Feudal Age
16:01 Castle Age
15:16 Double-Bit Axe
15:23 Stone Mining
15:17 Horse Collar
25:17 Nomads
28:42 Fletching
28:52 Padded Archer Armor
32:26 Imperial Age
30:32 Wheelbarrow
29:44 Loom
30:29 Husbandry
31:17 Bloodlines
33:20 Bodkin Arrow
33:40 Leather Archer Armor
34:07 Conscription
35:25 Ballistics
36:06 Chemistry
35:02 Murder Holes
35:48 Elite Mangudai
37:56 Elite Steppe Lancer
40:01 Forging
39:57 Scale Barding Armor
39:54 Bracer
40:58 Gold Mining
43:51 Iron Casting
43:36 Chain Barding Armor
42:43 Light Cavalry
43:59 Hussar
50:42 Blast Furnace
54:04 Drill
54:09 Capped Ram
55:23 Siege Ram
ronin101
13:23 Feudal Age
15:05 Double-Bit Axe
15:19 Horse Collar
16:09 Fletching
16:30 Forging
19:29 Castle Age
18:35 Gold Mining
18:37 Stone Mining
20:07 Wheelbarrow
19:52 Padded Archer Armor
22:05 Bodkin Arrow
22:26 Leather Archer Armor
22:32 Heavy Plow
23:02 Bow Saw
25:45 Hand Cart
27:33 Caravan
28:24 Ballistics
34:55 Imperial Age
37:02 Elite Janissary
39:36 Bracer
40:07 Ring Archer Armor
40:25 Gold Shaft Mining
39:53 Arrowslits
43:15 Artillery
43:49 Conscription
44:07 Fortified Wall
44:21 Bombard Tower
51:08 Artillery
Connection lost

Rejoining the realm…

Still unreachable

The connection could not be restored.

Session expired

The server has moved on; the page needs a fresh start.